 Dungeon Crawl Stone Soup version 0.22.1-1-ga44c0e5 (webtiles) character file.

252 MTVSty1e the Cudgeler (level 6, -3/40 HPs)
             Began as a Gargoyle Fighter on Oct 24, 2018.
             Killed by divine providence
             ... invoked by an orc priest
              (13 damage)
             ... on level 3 of the Dungeon.
             The game lasted 00:02:47 (1978 turns).

MTVSty1e the Cudgeler (Gargoyle Fighter)            Turns: 1978, Time: 00:02:47

Health: -3/40      AC: 13    Str: 24    XL:     6   Next: 14%
Magic:  6/6        EV:  7    Int:  8    God:
Gold:   183        SH:  9    Dex:  7    Spells: 5/5 levels left

rFire    . . .     SeeInvis .   d - +0 whip
rCold    . . .     Gourm    .   c - +0 shield
rNeg     + . .     Faith    .   b - +0 scale mail
rPois    ∞         Spirit   .   (no helmet)
rElec    +         Reflect  .   (no cloak)
rCorr    .         Harm     .   g - +0 pair of gloves
MR       .....                  h - +0 pair of boots
Stlth    ..........             (no amulet)
HPRegen  0.13/turn              (no ring)
MPRegen  0.10/turn              (no ring)

@: no status effects
A: clumsy 1, negative energy resistance 1, electricity resistance, strong 1,
unbreathing, petrification resistance, rot immunity, AC +4
a: no special abilities


You were on level 3 of the Dungeon.
You were not hungry.

You visited 1 branch of the dungeon, and saw 3 of its levels.

You collected 183 gold pieces.

Inventory:

Hand Weapons
 d - a +0 whip (weapon)
Armour
 b - a +0 scale mail (worn)
 c - a +0 shield (worn)
 g - a +0 pair of gloves (worn)
 h - a +0 pair of boots (worn)
Wands
 l - a wand of polymorph (20)
Scrolls
 e - a scroll of fog {unknown}
 i - a scroll of remove curse {unknown}
 j - 2 scrolls of teleportation {unknown}
 m - 2 scrolls of identify {unknown}
 o - a scroll of immolation {unknown}
 q - a scroll of blinking {unknown}
Potions
 a - a potion of curing
 k - a potion of heal wounds {unknown}
Comestibles
 f - 5 rations


   Skills:
 + Level 4.9 Fighting
 * Level 5.2 Maces & Flails
 - Level 3.2 Armour
 - Level 3.2 Shields


You had 5 spell levels left.
You didn't know any spells.
Your spell library was empty.

Dungeon Overview and Level Annotations

Branches:
Dungeon (3/15)

Altars:
Cheibriados
Elyvilon
Hepliaklqana
Makhleb
Nemelex Xobeh
Trog
Vehumet
Wu Jian
The Shining One


Innate Abilities, Weirdness & Mutations

You are resistant to torment.
Your stone body is resilient. (AC +4)
You are immune to poison.
You resist negative energy. (rN+)
You are resistant to electric shocks. (rElec)
You can survive without breathing.
You are immune to petrification.
You are immune to rotting.
You are clumsy. (Dex -2)
Your muscles are strong. (Str +2)


Message History

The bat hits you but does no damage.
You closely miss the bat. The bat hits you but does no damage. x2
You hit the bat but do no damage. The bat hits you but does no damage.
You closely miss the bat. The bat hits you but does no damage.
The orc wizard mumbles some strange words.
The orc wizard flickers and vanishes!
Deactivating autopickup; reactivate with Ctrl-A.
You hit the bat.
You kill the bat!
Your shield and scale mail prevent you from hitting the orc priest.
The orc priest hits you but does no damage.
You closely miss the orc priest.
The orc priest calls down the wrath of Beogh upon you.
Beogh smites you!
* * * LOW HITPOINT WARNING * * *
You barely miss the orc priest. You block the orc priest's attack.
You barely miss the orc priest.
The orc priest mumbles some strange prayers to Beogh against you.
Beogh smites you!
You die...

#.# #####.#
#. #.#
#.....# ...
#.# #.###.#
###
#.#####.#
###
#.......#
#.#######
#.# # #.#
#. #@#
##.##.###o#
.....oo.o.#
...###o##.#
#. #.# ##
#.# #####
..# #....
..# #....
..# #....


You could see an orc priest and an orc.

Vanquished Creatures
  A centaur (D:3)
  An orc priest (D:3)
  Jessica (D:2)
  5 adders
  2 worms
  2 dart slugs (D:1)
  4 orcs (D:3)
  2 ball pythons
  2 giant cockroaches
  6 goblins
  4 hobgoblins
  3 quokkas (D:3)
  9 bats
  2 frilled lizards (D:1)
  8 kobolds
  6 rats
58 creatures vanquished.

Notes
Turn   | Place    | Note
-------+----------+-------------------------------------------
     0 | D:1      | MTVSty1e the Gargoyle Fighter began the quest for the Orb.
     0 | D:1      | Reached XP level 1. HP: 14/14 MP: 1/1
    74 | D:1      | Reached XP level 2. HP: 17/19 MP: 2/2
   294 | D:1      | Reached skill level 3 in Maces & Flails
   298 | D:1      | Reached XP level 3. HP: 24/24 MP: 3/3
   564 | D:2      | Noticed Jessica
   576 | D:2      | Killed Jessica
   576 | D:2      | Reached XP level 4. HP: 26/29 MP: 4/4
   850 | D:2      | Reached skill level 4 in Maces & Flails
   892 | D:2      | Found a bloodstained altar of Trog.
   893 | D:2      | Found a snail-covered altar of Cheibriados.
   902 | D:2      | Found a hazy altar of Hepliaklqana.
  1049 | D:2      | Found a sparkling altar of Nemelex Xobeh.
  1049 | D:2      | Found a faded altar of an unknown god.
  1054 | D:2      | Found a glowing golden altar of the Shining One.
  1056 | D:2      | Found a burning altar of Makhleb.
  1057 | D:2      | Found a white marble altar of Elyvilon.
  1215 | D:2      | Found an ornate altar of the Wu Jian Council.
  1289 | D:3      | Reached XP level 5. HP: 34/34 MP: 5/5
  1298 | D:3      | Noticed a centaur
  1309 | D:3      | HP: 1/34 [centaur (4)]
  1312 | D:3      | Gained mutation: You are clumsy. (Dex -2) [potion of
                  | mutation]
  1312 | D:3      | Gained mutation: Your muscles are strong. (Str +2) [potion
                  | of mutation]
  1319 | D:3      | Killed a centaur
  1319 | D:3      | Reached skill level 5 in Maces & Flails
  1319 | D:3      | Reached XP level 6. HP: 4/40 MP: 6/6
  1324 | D:3      | HP: 2/60 [quokka (3)]
  1814 | D:3      | Found a radiant altar of Vehumet.
  1978 | D:3      | Killed from afar by an orc priest

Skill      XL: |  1  2  3  4  5 |
---------------+----------------+-----
Maces & Flails | 3 4 5 |  5.2
Fighting       | 4 |  4.9
Armour         | |  3.2
Shields        | |  3.2

Action                   |  1- 3 |  4- 6 || total
-------------------------+-------+-------++-------
Melee: Flail             |   101 |    98 ||   199
       Whip              |       |    54 ||    54
  Use: Potion            |       |     6 ||     6
  Eat: Ration            |       |     1 ||     1
       Chunk             |       |     1 ||     1
Armor: Scale mail        |    61 |    93 ||   154
       Skin              |       |    37 ||    37
Dodge: Dodged            |    34 |    75 ||   109
Block: Shield            |    82 |   111 ||   193
